 Dungeon Crawl Stone Soup version 0.19-a0-453-g7eaa1ff (webtiles) character file.

3 Charmandara the Magician (level 1, 0/14 HPs)
             Began as a Draconian Wizard on June 2, 2016.
             Killed from afar by a dart slug (7 damage)
             ... with a slug dart
             ... on level 1 of the Dungeon.
             The game lasted 00:00:26 (121 turns).

Charmandara the Magician (Draconian Wizard)          Turns: 121, Time: 00:00:27

Health: 0/14       AC:  4    Str:  9    XL:     1   Next: 41%
Magic:  0/4        EV: 12    Int: 18    God:
Gold:   10         SH:  0    Dex:  9    Spells: 1 memorised, 5 levels left

rFire  . . .     SeeInvis .     (no weapon)
rCold  . . .     Gourm    .     (armour unavailable)
rNeg   . . .     Faith    .     (no shield)
rPois  .         Spirit   .     a - +0 hat
rElec  .         Dismiss  .     (no cloak)
rCorr  .         Reflect  .     (no gloves)
SustAt .         Harm     .     (no boots)
MR     .....                    (no amulet)
Stlth  +.........               (no ring)
                                (no ring)

@: very slightly contaminated, not resistant to hostile enchantments, very
unstealthy
A: unfitting armour, cold-blooded, AC +4
a: no special abilities


You were on level 1 of the Dungeon.
You were not hungry.

You visited 1 branch of the dungeon, and saw 1 of its levels.

You collected 10 gold pieces.

Inventory:

Armour
 a - a +0 hat (worn)
Scrolls
 d - a scroll of noise {unknown}
Potions
 e - 2 potions of agility {unknown}
Books
 b - a book of Minor Magic
Comestibles
 c - a bread ration {@e1}
 f - a fruit


   Skills:
 - Level 1.7 Dodging
 - Level 1.7 Stealth
 - Level 3.0 Spellcasting
 + Level 1.5 Conjurations
   Level 1.0 Summonings
   Level 1.0 Translocations


You had 5 spell levels left.
You knew the following spells:

 Your Spells              Type           Power        Failure   Level  Hunger
a - Magic Dart            Conj           #...         12%         1    None


Dungeon Overview and Level Annotations

Branches:
Dungeon (1/15)

Altars:


Innate Abilities, Weirdness & Mutations

Your plain brown scales are hard. (AC +4)
Your body does not fit into most forms of armour.
You are cold-blooded and may be slowed by cold attacks.


Message History

Welcome, Charmandara the Draconian Wizard.
Will you prevail where others failed? Will you find the Orb of Zot?
Found a staircase leading out of the dungeon.
A goblin comes into view.
The goblin shouts!
Aim: a goblin The magic dart hits the goblin.
You now have 3/4 mp.
Aim: a goblin (moderately wounded)
The magic dart hits the goblin.
You kill the goblin!
You now have 2/4 mp.
You start resting.
MP restored: 4 You enter the shallow water.
Moving in this stuff is going to be slow.
d - a scroll labeled ZEUCSORPHOV
e - 2 murky coppery potions
f - a fruit You now have 10 gold pieces.
A dart slug comes into view.
A dart slug is nearby!
A giant gecko comes into view.
Aim: a dart slug (clinging)
You miscast Magic Dart.
You are very lightly contaminated with residual magic.
Nothing appears to happen.
You now have 3/4 mp.
Aim: a dart slug (clinging)
You miscast Magic Dart.
Strange energies run through your body.
You now have 2/4 mp.
Aim: a dart slug (clinging)
The magic dart hits the dart slug.
The dart slug launches a dart at you. The slug dart misses you.
Unknown command.
You now have 1/4 mp.
Aim: a dart slug (moderately wounded, clinging)
The magic dart hits the dart slug.
The giant gecko bites you.
You take 2 damage, and have 12/14 hp.
You now have 0/4 mp.
Unknown command.
You hit the giant gecko.
Your tail-slap misses the giant gecko.
The giant gecko bites you but does no damage.
You closely miss the giant gecko. The giant gecko misses you.
You miss the giant gecko. The giant gecko bites you.
You take 5 damage, and have 7/14 hp.
MASSIVE DAMAGE!!
Okay, then.
You miss the giant gecko. The giant gecko closely misses you.
The giant gecko barely misses you.
You miss the giant gecko.
The giant gecko bites you but does no damage.
You barely miss the giant gecko.
The giant gecko bites you but does no damage.
You closely miss the giant gecko.
Your tail-slap misses the giant gecko.
The giant gecko barely misses you.
Aim: a dart slug (heavily wounded, clinging)
The magic dart hits the giant gecko.
The giant gecko misses you.
You now have 0/4 mp.
Unknown command.
You hit the giant gecko.
You kill the giant gecko!
The dart slug bites you but does no damage.
You see here a giant gecko corpse.
You barely miss the dart slug. The dart slug barely misses you.
You hit the dart slug. The dart slug misses you.
You hit the dart slug. You hit the dart slug but do no damage.
The dart slug launches a dart at you. The slug dart hits you!
Ouch! That really hurt!
You die...

♣ ♣♣..# ♣♣♣
♣♣♣.##
≈≈♣♣♣♣♣♣..######
♣♣♣♣...........#
.....#######.#
.... #.# ...
###.### ..
#.....# .
#.###@# ...
#w.....# .#.
#.#.##.# # #.
.....# . #.. ...
.# .....#.# ###.
#.# .. #


You could see a dart slug.

Vanquished Creatures
  A giant gecko (D:1)
  A goblin (D:1)
2 creatures vanquished.

Notes
Turn   | Place    | Note
--------------------------------------------------------------
     0 | D:1      | Charmandara the Draconian Wizard began the quest for the Orb.
     0 | D:1      | Reached XP level 1. HP: 14/14 MP: 4/4
   121 | D:1      | Killed from afar by a dart slug

Vault maps used:
D:1:      kilobyte_arrival_exit_the_forest, serial_bayou_pond_c

Action                   || total
-------------------------++-------
Melee: Unarmed           ||    12
 Cast: Magic Dart        ||     5
Armor: Skin              ||     4
Dodge: Dodged            ||     8

Vault maps used:
D:1:      kilobyte_arrival_exit_the_forest, serial_bayou_pond_c

Table legend:
 A = Turns spent in this place as a percentage of turns spent in the entire game.
 B = Non-inter-level travel turns spent in this place as a percentage of non-inter-level travel turns spent in the entire game.
 C = Inter-level travel turns spent in this place as a percentage of turns spent in this place.
 D = Turns resting spent in this place as a percentage of non-inter-level travel turns spent in this place.
 E = Turns spent auto-exploring this place as a percentage of non-inter-level travel turns spent in this place.
 F = Non-inter-level travel turns spent in this place divided by the number of levels of this place that you've seen.
                   A       B       C       D       E      F
               +-------+-------+-------+-------+-------+----------------------
         Total | 100.0 | 100.0 |   0.0 |   4.7 |   9.3 |  43.0
       Dungeon | 100.0 | 100.0 |   0.0 |   4.7 |   9.3 |  43.0
               +-------+-------+-------+-------+-------+----------------------

Table legend:
 A = Kills in this place as a percentage of kills in entire the game.
 B = Kills by you in this place as a percentage of kills by you in the entire game.
 C = Kills by friends in this place as a percentage of kills by friends in the entire game.
 D = Other kills in this place as a percentage of other kills in the entire game.
 E = Experience gained in this place as a percentage of experience gained in the entire game.
 F = Experience gained in this place divided by the number of levels of this place that you have seen.
                   A       B       C       D       E      F
               +-------+-------+-------+-------+-------+----------------------
         Total | 100.0 | 100.0 |  -nan |  -nan | 100.0 |   5.0
       Dungeon | 100.0 | 100.0 |  -nan |  -nan | 100.0 |   5.0
               +-------+-------+-------+-------+-------+----------------------
